 Dungeon Crawl Stone Soup version 0.29.1-1-gd02db6906a (webtiles) character file.

Game seed: 3986959320210999391

14 RogueRain17 the Cutter (level 2, -3/24 HPs)
             Began as a Demonspawn Monk on Sept 21, 2022.
             Slain by an iguana (4 damage)
             ... on level 2 of the Dungeon.
             The game lasted 00:01:14 (1019 turns).

RogueRain17 the Cutter (Demonspawn Monk)            Turns: 1019, Time: 00:01:15

Health: -3/24      AC:  2    Str: 11    XL:     2   Next: 27%
Magic:  2/2        EV: 12    Int: 11    God:
Gold:   61         SH:  0    Dex: 15    Spells: 1/1 levels left

rFire   . . .      SeeInvis .   a - +0 short sword
rCold   . . .      Faith    .   (no shield)
rNeg    . . .      Spirit   .   b - +0 robe
rPois   .          Reflect  .   (no helmet)
rElec   .          Harm     .   (no cloak)
rCorr   .          Rampage  .   (no gloves)
Will    .....                   (no boots)
Stlth   ++........              (no amulet)
HPRegen 0.08/turn               (no ring)
MPRegen 0.08/turn               (no ring)

@: no status effects
A: demonic magic 1
a: no special abilities


You were on level 2 of the Dungeon.
You visited 1 branch of the dungeon, and saw 2 of its levels.

You collected 61 gold pieces.

Inventory:

Hand Weapons
 a - a +0 short sword (weapon)
Armour
 b - a +0 robe (worn)
Jewellery
 e - an amulet of magic regeneration
Scrolls
 d - 2 scrolls of identify {unknown}
 g - a scroll of magic mapping {unknown}
 j - a scroll of vulnerability {unknown}
Potions
 c - a potion of ambrosia
 f - a potion of invisibility {unknown}
 h - a potion of heal wounds {unknown}
 i - a potion of degeneration {unknown}


   Skills:
 - Level 3.0 Fighting
 * Level 3.2 Short Blades
 - Level 2.6 Dodging
 + Level 2.1 Stealth


You had one spell level left.
You didn't know any spells.
Your spell library was empty.

Dungeon Overview and Level Annotations

Branches:
Dungeon (2/15)

Altars:


Innate Abilities, Weirdness & Mutations

Spells you cast may paralyse adjacent enemies.


Message History

You climb downwards.
Found a stone staircase leading down.
There is a stone staircase leading up here.
Found 13 gold pieces.
The rat bites you.
You hit the rat.
You kill the rat!
No target in view!
HP restored.
Found 5 stones.
You now have 61 gold pieces (gained 13).
A hobgoblin comes into view.
You see here 16 gold pieces.
You see here 5 stones.
The hobgoblin shouts!
You hear an angry hiss.
The hobgoblin hits you but does no damage.
You hit the hobgoblin but do no damage. The hobgoblin barely misses you.
You hit the hobgoblin but do no damage. The hobgoblin hits you.
You hit the hobgoblin but do no damage.
An iguana comes into view.
The hobgoblin closely misses you.
You hit the hobgoblin.
The hobgoblin is almost dead.
The hobgoblin hits you.
You hit the hobgoblin.
You kill the hobgoblin!
You hit the iguana. You punch the iguana, but do no damage.
The iguana is lightly wounded.
The iguana bites you!
You hit the iguana but do no damage.
The iguana is lightly wounded.
The iguana bites you!
* * * LOW HITPOINT WARNING * * *
You hit the iguana but do no damage.
The iguana is lightly wounded.
The iguana completely misses you.
You closely miss the iguana.
The iguana is lightly wounded.
The iguana bites you.
You die...

#.......... #
#....#.>#.# #.
#<......#.#
.......##..####.#
.###.#.##..####.# #
............$.# ..#
....#..##..####(###...#
.# #.. #..#..........#
........#.#.@......#
:....##.## #.l##.#### #
#. ... ....# .# .
#.###..... . #. #.....
. .. #.#.... .# #.#####
..


You could see an iguana.

Vanquished Creatures
  A ball python (D:1)
  2 endoplasms (D:1)
  A hobgoblin (D:2)
  A kobold (D:1)
  A quokka (D:1)
  3 bats (D:1)
  A frilled lizard (D:1)
  A goblin (D:1)
  2 rats
13 creatures vanquished.

Notes
Turn   | Place    | Note
-------+----------+-------------------------------------------
     0 | D:1      | RogueRain17 the Demonspawn Monk began the quest for the
                  | Orb.
     0 | D:1      | Reached XP level 1. HP: 18/18 MP: 1/1
   666 | D:1      | Gained mutation: Spells you cast may paralyse adjacent
                  | enemies. [demonic ancestry]
   666 | D:1      | Reached XP level 2. HP: 22/24 MP: 2/2
  1017 | D:2      | HP: 1/24 [iguana (7)]
  1019 | D:2      | Slain by an iguana

Illustrated notes

Levels and vault maps discovered:
D:1:      sevenhm_arrival_forest_fort_small_4, layout_basic
D:2:      layout_loops_cross, basic_altar, serial_shops,
          nicolae_shop_overgrown_old_shop, nicolae_shop_waterfront,
          nicolae_underground_beach, uniq_crazy_yiuf_cottage

Skill      XL: |  1 |
---------------+----+-----
Short Blades   | 3 |  3.2
Stealth        | 2 |  2.1
Fighting       | |  3.0
Dodging        | |  2.6

Action                   || total
-------------------------++-------
Melee: Short sword       ||    46
       Punch             ||     1
 Stab: Sleeping          ||     2
Armor: Robe              ||     8
Dodge: Dodged            ||    36
